 Dungeon Crawl Stone Soup version 0.29.1-13-g9f3cf754e1 (webtiles) character file.

Game seed: 6184975112591290531

4223 sillycutie the Severer (level 10, -6/78 HPs)
             Began as a Minotaur Berserker on Feb 1, 2023.
             Was a Believer of Trog.
             Mangled by Joseph
             ... wielding a +0 quarterstaff
              (16 damage)
             ... on level 8 of the Dungeon on Feb 7, 2023.
             The game lasted 00:49:57 (7442 turns).

sillycutie the Severer (Minotaur Berserker)         Turns: 7442, Time: 00:49:58

Health: -6/78      AC: 12    Str: 26    XL:     10   Next: 9%
Magic:  9/9        EV:  9    Int: 10    God:    Trog [**....]
Gold:   314        SH:  0    Dex: 10    Spells: 9/9 levels left

rFire   . . .      SeeInvis +   a - +0 hand axe
rCold   x . .      Faith    .   (no shield)
rNeg    . . .      Spirit   .   y - +1 chain mail {Will+}
rPois   +          Reflect  .   (helmet restricted)
rElec   .          Harm     .   B - +1 cloak
rCorr   .          Rampage  .   (no gloves)
Will    +++..                   (no boots)
Stlth   ..........              (no amulet)
HPRegen 1.23/turn               o - ring of Pimaepid {Slay+3 SInv}
MPRegen 0.11/turn               K - ring "Vyid" {rPois rC- Int+6 Slay+3 SInv}

@: strong-willed, on berserk cooldown, regenerating, slowed, very slow
A: horns 2, retaliatory headbutt
a: Renounce Religion, Berserk, Trog's Hand


You were on level 8 of the Dungeon.
You worshipped Trog.
Trog was pleased with you.
You visited 1 branch of the dungeon, and saw 8 of its levels.

You collected 314 gold pieces.

Inventory:

Hand Weapons
 a - a +0 hand axe (weapon)
 m - a +0 vorpal flail
 G - a +0 battleaxe
Missiles
 e - 46 stones
 h - 8 javelins
 q - 6 boomerangs
 A - a curare-tipped dart
 J - 11 poisoned darts (quivered)
Armour
 k - a +0 ring mail
 w - a +0 chain mail
 y - a +1 chain mail of willpower (worn)
 B - a +1 cloak (worn)
Jewellery
 o - the ring of Pimaepid (left hand) {Slay+3 SInv}
   (You acquired it on level 7 of the Dungeon)

   [ring of see invisible]

   Slay:      It affects your accuracy & damage with ranged weapons and melee
   (+3).
   SInv:      It lets you see invisible.
 r - a ring of positive energy
 C - an amulet of faith
 K - the ring "Vyid" (right hand) {rPois rC- Int+6 Slay+3 SInv}
   (You acquired it on level 7 of the Dungeon)

   [ring of poison resistance]

   Int:       It affects your intelligence (+6).
   Slay:      It affects your accuracy & damage with ranged weapons and melee
   (+3).
   rC:        It makes you vulnerable to cold.
   rPois:     It protects you from poison.
   SInv:      It lets you see invisible.
Wands
 v - a wand of digging (10)
 I - a wand of polymorph (12)
Scrolls
 f - a scroll of enchant armour
 j - a scroll of immolation
 l - 2 scrolls of teleportation
 n - a scroll of poison {unknown}
 t - a scroll of enchant weapon {unknown}
 x - a scroll of vulnerability {unknown}
 z - a scroll of summoning
 E - a scroll of fog {unknown}
 F - a scroll of noise {unknown}
 H - a scroll of identify
Potions
 b - a potion of mutation
 c - 3 potions of attraction
 d - a potion of might {unknown}
 g - 3 potions of heal wounds
 i - a potion of lignification {unknown}
 p - a potion of berserk rage
 s - a potion of flight
 D - a potion of invisibility


   Skills:
 + Level 3.9 Fighting
 + Level 17.1 Axes
 + Level 0.0 Throwing
 + Level 2.8 Armour
 - Level 2.5 Dodging


You had 9 spell levels left.
You didn't know any spells.
Your spell library was empty.

Dungeon Overview and Level Annotations

Branches:
Dungeon (8/15)             Temple (0/1) D:6
   Lair: D:8-11

Altars:
Ashenzari
Fedhas
Hepliaklqana
Nemelex Xobeh
Uskayaw
Vehumet
Xom

Shops:
D:1 (   D:4 (   D:7 *

Annotations:
D:8 Joseph


Innate Abilities, Weirdness & Mutations

You have a pair of horns on your head.
You reflexively headbutt those who attack you in melee.


Message History

Joseph hits you with a +0 quarterstaff!
You are too injured to fight recklessly!
You closely miss Joseph. Your headbutt misses Joseph.
Joseph is lightly wounded.
The orc warrior shoots a bolt.
The bolt hits you but does no damage. Joseph hits you with a +0 quarterstaff.
You feel better.
The orc warrior shoots a bolt.
The bolt hits you! Joseph hits you with a +0 quarterstaff!
* * * LOW HITPOINT WARNING * * *
Joseph attacks as you move away! Joseph completely misses you.
Joseph unwields a +0 quarterstaff.
Joseph wields a +0 sling.
Joseph shoots a sling bullet.
The sling bullet barely misses you.
There is an open door, spattered with blood here.
Things that are here:
a +0 giant club; a +0 giant spiked club; a two-headed ogre corpse Joseph shoots a sling bullet.
The sling bullet completely misses you.
Joseph shoots a sling bullet.
The sling bullet hits you!
* * * LOW HITPOINT WARNING * * *
You recover from your berserk rage.
Joseph shoots a sling bullet.
The sling bullet hits you but does no damage.
Joseph shoots a sling bullet.
The sling bullet closely misses you.
Your skin crawls.
You feel strong-willed.
Joseph shoots a sling bullet.
The sling bullet misses you.
A red film seems to cover your vision as you go berserk!
You feel yourself moving faster!
You feel mighty!
Joseph shoots a sling bullet.
The sling bullet barely misses you.
You are too berserk!
You feel a strong urge to attack something.
Joseph shoots a sling bullet.
The sling bullet hits you.
* * * LOW HITPOINT WARNING * * *
Joseph says, "You will never get the ORB, sorry."
Joseph shoots a sling bullet.
The sling bullet closely misses you.
You feel your anger nearly subside.
You are no longer berserk.
You are exhausted.
You feel yourself slow down.
Joseph unwields a +0 sling.
Joseph wields a +0 quarterstaff.
Joseph hits you with a +0 quarterstaff!
You die...

#....#.. +....####
##..##..## ####
###'....# ##..#+
?($##....#
#...Y##.....##..##
#..o.(..(o.(.##'##
##.@##.(.8.(.##..##
##@##.......+....#
##..##.....##..).#
#....##?))##'#..##
#....†#####..####
##..##..##....#
####..))'....#
#....##..##
##[.###### ####


You could see Joseph, a yak and an orc warrior.

Vanquished Creatures
  A two-headed ogre (D:8)
  Pikel (D:6)
  Maurice (D:8)
  A slime creature (D:8)
  A hornet (D:8)
  A wyvern (D:8)
  Eustachio (D:5)
  Duvessa (D:6)
  A water moccasin (D:7)
  An ice beast (D:5)
  5 ogres
  2 centaurs
  2 phantoms
  2 kobold brigands (D:7)
  3 lemures (D:6)
  3 bullfrogs (D:8)
  2 scorpions
  Dowan (D:6)
  A howler monkey (D:5)
  2 hounds (D:6)
  3 jellies
  3 orc priests
  4 orc wizards
  Ijyb (D:3)
  4 gnolls (D:3)
  6 adders
  A shadow imp (D:6)
  4 white imps
  2 ufetubi (D:5)
  2 worms
  2 dart slugs
  16 orcs
  2 bats
  4 endoplasms
  2 giant cockroaches
  12 goblins
  6 hobgoblins
  14 jackals
  4 quokkas
  9 ball pythons
  6 frilled lizards
  18 kobolds
  7 rats
165 creatures vanquished.

Notes
Turn   | Place    | Note
-------+----------+-------------------------------------------
     0 | D:1      | sillycutie the Minotaur Berserker began the quest for the
                  | Orb.
     0 | D:1      | Reached XP level 1. HP: 19/19 MP: 0/0
    35 | D:1      | Found Fimnuhoc's Weapon Shop.
   101 | D:1      | Reached XP level 2. HP: 27/27 MP: 1/1
   378 | D:1      | Reached skill level 4 in Axes
   779 | D:1      | Reached XP level 3. HP: 33/33 MP: 2/2
   784 | D:1      | Reached ** piety under Trog
  1208 | D:2      | Reached skill level 5 in Axes
  1903 | D:2      | Reached XP level 4. HP: 40/40 MP: 3/3
  2389 | D:3      | Found a radiant altar of Vehumet.
  2485 | D:3      | Reached skill level 6 in Axes
  2554 | D:3      | Reached XP level 5. HP: 41/46 MP: 4/4
  3161 | D:3      | Found a faded altar of an unknown god.
  3163 | D:3      | Noticed Ijyb
  3168 | D:3      | Killed Ijyb
  3437 | D:4      | Reached skill level 7 in Axes
  3477 | D:4      | Found Avumporr's Weapon Emporium.
  3646 | D:4      | Noticed an ogre
  3649 | D:4      | Killed an ogre
  3650 | D:4      | Reached skill level 8 in Axes
  3650 | D:4      | Reached XP level 6. HP: 52/52 MP: 5/5
  3862 | D:5      | Entered Level 5 of the Dungeon
  3884 | D:5      | Reached skill level 9 in Axes
  4262 | D:5      | Found a shimmering altar of Xom.
  4327 | D:5      | Reached XP level 7. HP: 58/58 MP: 6/6
  4354 | D:5      | Found a sparkling altar of Nemelex Xobeh.
  4375 | D:5      | Reached skill level 10 in Axes
  4381 | D:5      | Noticed Eustachio
  4578 | D:5      | Reached skill level 11 in Axes
  5045 | D:5      | Found a hide-covered altar of Uskayaw.
  5045 | D:5      | Found a broken altar of Ashenzari.
  5053 | D:5      | Found a blossoming altar of Fedhas.
  5055 | D:5      | Found a hazy altar of Hepliaklqana.
  5057 | D:5      | Found a faded altar of an unknown god.
  5119 | D:5      | Killed Eustachio
  5120 | D:5      | Reached XP level 8. HP: 66/66 MP: 7/7
  5255 | D:6      | Reached skill level 12 in Axes
  5423 | D:6      | Noticed Pikel
  5446 | D:6      | Killed Pikel
  5447 | D:6      | Reached skill level 13 in Axes
  5467 | D:6      | Noticed Duvessa
  5467 | D:6      | Noticed Dowan
  5477 | D:6      | Killed Duvessa
  5491 | D:6      | Killed Dowan
  5492 | D:6      | Reached skill level 14 in Axes
  5492 | D:6      | Reached XP level 9. HP: 47/71 MP: 8/8
  5770 | D:6      | Found a staircase to the Ecumenical Temple.
  6387 | D:7      | Found Fofaxkiusk's Gadget Gallery.
  6919 | D:7      | Identified 2 scrolls of acquirement
  6919 | D:7      | Acquired the ring "Vyid" {rPois rC- Int+6 Slay+3 SInv}
  6922 | D:7      | Acquired the ring of Pimaepid {Slay+3 SInv}
  6941 | D:8      | Noticed Maurice
  6948 | D:8      | Reached skill level 15 in Axes
  6957 | D:8      | Killed Maurice
  7218 | D:8      | Reached skill level 16 in Axes
  7388 | D:8      | Noticed a two-headed ogre
  7394 | D:8      | Killed a two-headed ogre
  7395 | D:8      | Reached skill level 17 in Axes
  7395 | D:8      | Reached XP level 10. HP: 78/78 MP: 9/9
  7408 | D:8      | Noticed Joseph
  7442 | D:8      | Mangled by Joseph

Illustrated notes

Levels and vault maps discovered:
D:1:      psy_arrival_fountain, layout_loops_ring, serial_shops, shop
D:2:      layout_loops_corners, st_stairs_8, amcnicky_mini_corridor_feature,
          chequers_serial_rivers_large_b, chequers_arboretum, fountainhead,
          minmay_vboxes
D:3:      layout_loops_ring, pf_just_have_faith, basic_ecumenical_altar,
          uniq_ijyb
D:4:      layout_cave_pools, serial_shops, nicolae_shop_bloodbath_and_beyond
D:5:      layout_rooms, mainiacjoe_overflow_six_doors_small,
          chequers_temple_overflow_minitemple, tgw_xom, uniq_eustachio
D:6:      layout_cave_pools, temple_statues, grunt_decor_cap, chequers_avenue,
          kennysheep_path_1, st_stairs_14, chequers_serial_rivers_micro_c,
          uniq_pikel, uniq_duvessa
D:7:      layout_basic, serial_bayou_pond_c, nicolae_shop_gadgets
D:8:      minmay_bubble_buster, layout_basic, mainiacjoe_overflow_paths,
          serial_shops, shop, nicolae_kite_square_tiling_tiny,
          nicolae_transporter_circle, uniq_joseph, uniq_maurice, uniq_psyche

Skill      XL: |  1  2  3  4  5  6  7  8  9 |
---------------+----------------------------+-----
Axes           | 4 5 6 8 9 11 14 17 | 17.1
Fighting       | |  3.9
Armour         | |  2.8
Dodging        | |  2.5

Action                   |  1- 3 |  4- 6 |  7- 9 | 10-12 || total
-------------------------+-------+-------+-------+-------++-------
Melee: Hand axe          |    73 |    70 |   150 |     8 ||   301
       Headbutt          |     8 |     6 |    27 |     1 ||    42
       Punch             |       |       |     3 |       ||     3
Throw: Javelin           |     9 |    23 |    69 |       ||   101
       Boomerang         |    70 |    13 |    10 |       ||    93
       Dart              |       |    24 |     2 |     8 ||    34
Invok: Berserk           |     2 |     3 |    11 |     1 ||    17
       Trog's Hand       |       |     3 |    14 |     1 ||    18
  Use: Scroll            |     1 |     5 |    11 |     1 ||    18
       Potion            |       |     2 |     1 |     1 ||     4
Armor: Animal skin       |     3 |       |       |       ||     3
       Ring mail         |     8 |     6 |       |       ||    14
       Chain mail        |       |    26 |    55 |     6 ||    87
Dodge: Dodged            |    40 |    36 |    55 |    12 ||   143
